 Dungeon Crawl Stone Soup version 0.30.1-9-gdf580d7c3d (webtiles) character file.

Game seed: 16890937027173265495

148 Ivernyr the Shield-Bearer (level 5, -1/42 HPs)
             Began as a Formicid Fighter on Oct 11, 2023.
             Slain by a black bear (3 damage)
             ... on level 3 of the Dungeon.
             The game lasted 00:03:31 (1493 turns).

Ivernyr the Shield-Bearer (Formicid Fighter)        Turns: 1493, Time: 00:03:31

Health: -1/42      AC:  7    Str: 21    XL:     5   Next: 56%
Magic:  5/5        EV:  9    Int:  7    God:
Gold:   112        SH:  5    Dex: 15    Spells: 4/4 levels left

rFire   + + .        a - +0 long sword
rCold   . . .        c - +0 buckler
rNeg    . . .        b - +0 scale mail
rPois   .            (helmet unavailable)
rElec   .            (no cloak)
rCorr   .            (no gloves)
SInv    +            (no boots)
Will    .....        (no amulet) Stlth
                     f - ring of protection from fire
HPRegen 0.27/turn    j - ring of protection from fire
MPRegen 0.09/turn

%: no passive effects
@: mighty
A: permanent stasis, dig shafts and tunnels, antennae 3, four strong arms
a: Dig, Shaft Self


You were on level 3 of the Dungeon.
You visited 1 branch of the dungeon, and saw 3 of its levels.

You collected 112 gold pieces.

Inventory:

Hand Weapons
 a - a +0 long sword (weapon)
Armour
 b - a +0 scale mail (worn)
 c - a +0 buckler (worn)
Jewellery
 f - a ring of protection from fire (left hand)
 j - a ring of protection from fire (right hand)
Scrolls
 e - a scroll of immolation {unknown}
 g - 3 scrolls of identify {unknown}
 l - a scroll of amnesia {unknown}
 n - a scroll of blinking {unknown}
 o - 2 scrolls of poison {unknown}
 r - a scroll of magic mapping {unknown}
Potions
 d - a potion of might
 h - a potion of invisibility {unknown}
 i - a potion of ambrosia {unknown}
 k - a potion of brilliance {unknown}
 m - 2 potions of curing {unknown}
 p - 2 potions of flight {unknown}
 q - a potion of attraction {unknown}


   Skills:
 + Level 4.1 Fighting
 * Level 3.6 Long Blades
 + Level 4.0 Armour
 + Level 4.9 Shields


You had 4 spell levels left.
You didn't know any spells.
Your spell library contained the following spells:

 Spells                   Type           Power      Damage    Failure   Level
 Dazzling Flash           Conj/Hex       0%         N/A       99%         3
 Volatile Blastmotes      Fire/Tloc      0%         2d10      99%         3
 Iskenderun's Mystic Bla  Conj/Tloc      0%         2d3       100%        4
 Starburst                Conj/Fire      0%         6d3       100%        6


Dungeon Overview and Level Annotations

Branches:
Dungeon (3/15)

Altars:

Shops:
D:1 (


Innate Abilities, Weirdness & Mutations

You cannot be hasted, slowed, berserked, paralysed or teleported.
You can dig through walls and to a lower floor.
You have a pair of large antennae on your head. (SInv)
Your four strong arms can wield two-handed weapons with a shield.


Message History

The black bear attacks as you move away!
The black bear bites you. The black bear closely misses you.
You block the black bear's attack.
You feel very mighty all of a sudden.
The black bear bites you but does no damage.
The black bear claws you. You block the black bear's attack.
You barely miss the black bear. The black bear bites you.
The black bear claws you. You block the black bear's attack.
The black bear barely misses you.
The black bear claws you but does no damage.
You block the black bear's attack.
You slash the black bear!
The black bear is severely wounded.
The black bear closely misses you.
The black bear claws you but does no damage.
The black bear barely misses you.
You hit the black bear.
The black bear is severely wounded.
The black bear goes berserk!
You barely miss the black bear.
The black bear is severely wounded.
The black bear misses you. You block the black bear's attack.
The black bear claws you.
The black bear bites you but does no damage.
You block the black bear's attack.
The black bear claws you but does no damage.
You barely miss the black bear.
The black bear is severely wounded.
The black bear bites you!
* * * LOW HITPOINT WARNING * * *
You block the black bear's attack. The black bear claws you.
* * * LOW HITPOINT WARNING * * *
The black bear closely misses you. The black bear misses you.
The black bear closely misses you.
You closely miss the black bear.
The black bear is severely wounded.
The black bear bites you.
* * * LOW HITPOINT WARNING * * *
The black bear closely misses you. The black bear claws you.
You die...

#.. ........######.##..# #.#
#######.# ##.#.#..#### #.# #.#
##.###...##.. ###.# #.# #.##
##..##.# ..#.# #.# ##.###.#.##.#
....# ######.# ##.#.##.##.#####
....## #......# ##.............
.....###.####.######..##........#
.....†........Sh@.....#####.###..
..............#####..## #.# ###
....####.###### #.## #.# ...##
#.# #. #.# ..# #.# #. #.# .# #.#
#. #.. . #.# ### ..# ###


You could see a black bear (berserk) and a ball python.

Vanquished Creatures
  A scorpion (D:3)
  3 adders
  A dart slug (D:1)
  7 endoplasms
  4 giant cockroaches
  6 goblins (D:1)
  2 hobgoblins (D:1)
  4 jackals (D:2)
  3 kobolds
  4 quokkas
  4 ball pythons
  7 bats
  5 frilled lizards
  7 rats
58 creatures vanquished.

Notes
Turn   | Place    | Note
-------+----------+-------------------------------------------
     0 | D:1      | Ivernyr the Formicid Fighter began the quest for the Orb.
     0 | D:1      | Reached XP level 1. HP: 18/18 MP: 1/1
    61 | D:1      | Reached XP level 2. HP: 19/24 MP: 2/2
   194 | D:1      | Reached XP level 3. HP: 29/29 MP: 3/3
   471 | D:1      | Found Honetiag's Weapon Emporium.
  1022 | D:2      | Reached XP level 4. HP: 34/37 MP: 4/4
  1274 | D:3      | Noticed a scorpion
  1284 | D:3      | Killed a scorpion
  1285 | D:3      | Reached XP level 5. HP: 29/42 MP: 5/5
  1471 | D:3      | Noticed a black bear
  1493 | D:3      | HP: 2/42 [black bear (4)]
  1493 | D:3      | Slain by a black bear

Illustrated notes

Levels and vault maps discovered:
D:1:      psy_arrival_conway, layout_loops_ring, serial_shops,
          nicolae_shop_stone, minmay_tetromino_l4
D:2:      layout_rooms
D:3:      layout_loops_ring

Skill      XL: |  1  2  3  4 |
---------------+-------------+-----
Long Blades    | 3 |  3.6
Fighting       | 4 |  4.1
Armour         | 4 |  4.0
Shields        | |  4.9

Action                     |  1- 3 |  4- 6 || total
---------------------------+-------+-------++-------
  Melee: Long sword        |    98 |    60 ||   158
Ability: Dig               |       |     1 ||     1
    Use: Potion            |       |     1 ||     1
 Armour: Scale mail        |    52 |    40 ||    92
  Dodge: Dodged            |    64 |    46 ||   110
  Block: Buckler           |    29 |    29 ||    58
